 Dungeon Crawl Stone Soup version 0.28.0 (webtiles) character file.

Game seed: 5689187891014566187

725 browni3141 the Skirmisher (level 7, -12/63 HPs)
             Began as a Minotaur Fighter on Feb 11, 2022.
             Killed from afar by Maggie (17 damage)
             ... with a bolt of fire
             ... on level 6 of the Dungeon.
             The game lasted 00:01:31 (1740 turns).

browni3141 the Skirmisher (Minotaur Fighter)        Turns: 1740, Time: 00:01:31

Health: -12/63     AC:  7    Str: 23    XL:     7   Next: 43%
Magic:  6/6        EV:  9    Int:  5    God:
Gold:   58         SH:  5    Dex:  9    Spells: 6/6 levels left

rFire   . . .      SeeInvis +   a - +0 war axe
rCold   . . .      Faith    .   c - +0 buckler
rNeg    . . .      Spirit   .   b - +0 scale mail
rPois   .          Reflect  .   (helmet restricted)
rElec   .          Harm     .   (no cloak)
rCorr   .          Rampage  .   (no gloves)
Will    .....                   (no boots)
Stlth   ..........              (no amulet)
HPRegen 0.20/turn               g - ring of see invisible
MPRegen 0.10/turn               (no ring)

@: no status effects
A: horns 2, retaliatory headbutt
a: no special abilities


You were on level 6 of the Dungeon.
You visited 1 branch of the dungeon, and saw 6 of its levels.

You collected 58 gold pieces.

Inventory:

Hand Weapons
 a - a +0 war axe (weapon)
Missiles
 k - a throwing net (quivered)
Armour
 b - a +0 scale mail (worn)
 c - a +0 buckler (worn)
Jewellery
 g - a ring of see invisible (left hand)
Scrolls
 e - a scroll of holy word {unknown}
 i - a scroll of vulnerability {unknown}
 j - a scroll of identify {unknown}
Potions
 d - a potion of flight {unknown}
 f - 2 potions of curing {unknown}
 h - a potion of attraction {unknown}
 l - 2 potions of berserk rage {unknown}


   Skills:
 + Level 6.1 Fighting
 + Level 5.5 Axes
 + Level 6.1 Armour
 + Level 6.1 Shields


You had 6 spell levels left.
You didn't know any spells.
Your spell library contained the following spells:

 Spells                   Type           Power      Damage    Failure   Level
 Pain                     Necr           0%         1d4       85%         1


Dungeon Overview and Level Annotations

Branches:
Dungeon (7/15)
 Temple: D:4-7

Altars:

Annotations:
D:6 Maggie


Innate Abilities, Weirdness & Mutations

You have a pair of horns on your head.
You reflexively headbutt those who attack you in melee.


Message History

The orc warrior hits you but does no damage.
You block the orc warrior's attack.
You are too injured to fight recklessly!
You slash the orc warrior!
You kill the orc warrior!
Your Fighting skill increases to level 6!
Your Armour skill increases to level 6!
Your Shields skill increases to level 6!
You are too injured to fight recklessly!
Things that are here:
a +0 flail; a +0 plate armour; an orc corpse
d - a red potion Maggie the Vainglorious comes into view.
She is wielding a +1 morningstar of protection.
Maggie moves out of view.
Key pressed, stopping explore.
Maggie is nearby!
Maggie is nearby!
Maggie is nearby!
Maggie shouts!
Maggie casts a spell.
Maggie attempts to bespell you! You resist with almost no effort.
Maggie says, "Did Master Lance send you?"
Maggie points at you and mumbles some strange words.
The bolt of fire hits you!!
* * * LOW HITPOINT WARNING * * *
You are too injured to fight recklessly!
A centaur zombie comes into view.
Maggie casts a spell.
Maggie attempts to bespell you!
You easily resist.
Found an escape hatch in the floor.
Maggie casts a spell at you. The bolt of fire hits you!
* * * LOW HITPOINT WARNING * * *
Maggie mumbles some strange words.
Maggie attempts to bespell you!
You are mesmerised by Maggie!
You are no longer entranced.
Maggie gestures at you while chanting. The bolt of fire hits you!
You die...

.... #.####.# # #..###.# #.# #.
#..##.# #.# ..###.####.#..# #.#
#.#.....##...## #.#
#.....^.....## #.#
#............########(########
#.............#................
#.............@.###.....#......
#...................@..........
#.............................>
###...........##.........#.######
..............##.####....#.#
###...................####.####
.........)))..................###
.........).)....#......##.@##..).
####.###....###...#....###.....))


You could see Maggie.

Vanquished Creatures
  2 orc warriors (D:6)
  An ogre (D:6)
  A centaur (D:7)
  A kobold brigand (D:6)
  2 bullfrogs (D:7)
  A bullfrog skeleton (D:6)
  A hound (D:6)
  Jessica (D:2)
  2 orc wizards (D:6)
  2 adders
  An ufetubus (D:6)
  An adder skeleton (D:3)
  4 orcs (D:6)
  2 hobgoblins (D:1)
  2 ball pythons (D:2)
  2 bats
  A frilled lizard (D:3)
  2 goblins
  6 kobolds
  2 rats
37 creatures vanquished.

Notes
Turn   | Place    | Note
-------+----------+-------------------------------------------
     0 | D:1      | browni3141 the Minotaur Fighter began the quest for the
                  | Orb.
     0 | D:1      | Reached XP level 1. HP: 19/19 MP: 0/0
    33 | D:1      | Found a faded altar of an unknown god.
    55 | D:1      | Got Plato's Reference Book on Evil
   338 | D:2      | Noticed Jessica
   346 | D:2      | Killed Jessica
   347 | D:2      | Reached XP level 2. HP: 27/27 MP: 1/1
   347 | D:2      | Reached XP level 3. HP: 33/33 MP: 2/2
   693 | D:4      | You fall into a shaft and drop 3 floors!
   729 | D:7      | Noticed a centaur
   735 | D:7      | Killed a centaur
   736 | D:7      | Reached XP level 4. HP: 37/41 MP: 3/3
   840 | D:7      | Noticed a bullfrog
   841 | D:7      | Noticed a bullfrog
   844 | D:7      | Killed a bullfrog
   845 | D:7      | Reached XP level 5. HP: 41/47 MP: 4/4
   852 | D:7      | Reached skill level 5 in Fighting
   852 | D:7      | Reached skill level 5 in Armour
   852 | D:7      | Reached skill level 5 in Shields
   948 | D:6      | Noticed an orc warrior
  1227 | D:6      | Killed an orc warrior
  1228 | D:6      | Reached XP level 6. HP: 43/56 MP: 5/5
  1386 | D:6      | Reached skill level 5 in Axes
  1404 | D:6      | Reached XP level 7. HP: 47/62 MP: 6/6
  1614 | D:6      | Noticed Maggie
  1730 | D:6      | HP: 3/63 [Maggie/bolt of fire (15)]
  1740 | D:6      | Killed from afar by Maggie

Illustrated notes

Levels and vault maps discovered:
D:1:      lemuel_arrival_behind_the_door_small, layout_basic,
          shapermc_ecumenical_altar_rom_forum, minmay_tetromino_i2
D:2:      layout_basic, serial_shops, shop, basic_altar, uniq_jessica
D:3:      layout_loops_corners, grunt_decor_clamped,
          chequers_serial_rivers_large_b, amcnicky_mini_rare_corridor_liquid
D:4:      layout_loops_cross, eino_tiny_chamber, minmay_manual_monolith,
          uniq_eustachio, uniq_duvessa, uniq_ijyb
D:6:      layout_rooms, minmay_temple_entry_poolview, st_stairs_8,
          nicolae_elevator_lobby_asterisk, uniq_pikel, uniq_blork_the_orc,
          uniq_maggie, uniq_prince_ribbit1
D:7:      layout_basic, roderic_batcave

Skill      XL: |  1  2  3  4  5  6  7 |
---------------+----------------------+-----
Fighting       | 4 5 6 |  6.1
Axes           | 3 4 5 |  5.5
Armour         | 4 5 6 |  6.1
Shields        | 4 5 6 |  6.1

Action                   |  1- 3 |  4- 6 |  7- 9 || total
-------------------------+-------+-------+-------++-------
Melee: War axe           |    42 |    44 |     9 ||    95
       Headbutt          |     3 |     8 |     3 ||    14
Throw: Throwing net      |       |     1 |       ||     1
  Use: Potion            |       |     1 |       ||     1
Armor: Scale mail        |    31 |    26 |     5 ||    62
Dodge: Dodged            |    25 |    26 |     5 ||    56
Block: Buckler           |     8 |     9 |     2 ||    19
